cohdb
Replays
Latest Replays
All Replays
Popular Replays
Top Player Replays
Match Explorer
How It Works
Community
CoH3 Stats
Reddit
Sign in to upload your games and track your stats! →
Sign in with Steam
Match 41915426
Unlisted
Match 41915426
Overview
Messages
Build Orders
End
Construct Section Command Post
Selects Australian Defense Battlegroup
Selects Australian Light Infantry Section
Australian Light Infantry Section
ML 3-inch Mortar Team
Australian Light Infantry Section
Construct Platoon Command Post
Selects Defensive Tactics
6-pounder Anti-tank Gun Team
Selects Hold the Line!
6-pounder Anti-tank Gun Team
Australian Light Infantry Section
Construct Company Command Post
Crusader II Medium Tank
El_Arandino
FlagHeros
jefferson3
UH|dun! ツ
艾西西233
Dr
0
0
Comments
sign in to comment!
No comments posted yet!